 Dungeon Crawl Stone Soup version 0.31-a0-229-g1fc7ce93e2 (webtiles) character file.

Game seed: 953446849472642719

42 innerfire43 the Trooper (level 3, -1/29 HPs)
             Began as a Demonspawn Monk on July 6, 2023.
             Slain by a gnoll
             ... wielding a +0 club
              (7 damage)
             ... on level 2 of the Dungeon.
             The game lasted 00:01:19 (922 turns).

innerfire43 the Trooper (Demonspawn Monk)            Turns: 922, Time: 00:01:19

Health: -1/29      AC:  3    Str: 13    XL:     3   Next: 33%
Magic:  12/12      EV: 13    Int: 11    God:
Gold:   71         SH:  0    Dex: 15    Spells: 2/2 levels left

rFire   + . .        l - +1 spear of Gaiff {speed, rF+ MP+9}
rCold   . . .        d - orb {light}
rNeg    . . .        b - +0 robe
rPois   .            (no helmet)
rElec   .            (no cloak)
rCorr   .            (no gloves)
SInv    .            (no boots)
Will    .....        (no amulet)
Stlth   +            (no ring)
HPRegen 0.24/turn    (no ring)
MPRegen 0.26/turn

%: no passive effects
@: glowing
A: magic regeneration, sharp scales 1
a: no special abilities


You were on level 2 of the Dungeon.
You visited 1 branch of the dungeon, and saw 2 of its levels.

You collected 71 gold pieces.

Inventory:

Hand Weapons
 a - a +0 hand axe
 l - the +1 spear of Gaiff (weapon) {speed, rF+ MP+9}
   (You found it on level 2 of the Dungeon)

   rF:        It protects you from fire.
   MP:        It affects your magic capacity (+9).
Armour
 b - a +0 robe (worn)
 d - an orb of light (worn)
Scrolls
 c - a scroll of amnesia {unknown}
 e - a scroll of enchant armour {unknown}
 f - 4 scrolls of brand weapon {unknown}
 h - a scroll of identify {unknown}
 i - 2 scrolls of blinking {unknown}
 k - a scroll of immolation {unknown}
Potions
 g - a potion of mutation {unknown}
 j - a potion of brilliance {unknown}


   Skills:
 + Level 3.4 Fighting
 - Level 3.3 Axes
 * Level 0.0(1.9) Polearms
 + Level 3.1 Dodging


You had 2 spell levels left.
You didn't know any spells.
Your spell library was empty.

Dungeon Overview and Level Annotations

Branches:
Dungeon (2/15)

Altars:


Innate Abilities, Weirdness & Mutations

You regenerate magic rapidly.
You are partially covered in razor-sharp scales. (AC +1, Slay +1)


Message History

There are monsters nearby!
Found 16 gold pieces.
The gnoll barely misses you.
There are monsters nearby!
You closely miss the bat. The bat closely misses you.
The gnoll hits you from afar with a +0 spear!
You reach to attack!
You hit the gnoll.
The gnoll is lightly wounded.
You hit the bat.
The bat is severely wounded.
The bat hits you.
The gnoll hits you from afar with a +0 spear.
You reach to attack!
You hit the bat.
You kill the bat!
The gnoll closely misses you.
You reach to attack!
You hit the gnoll.
The gnoll is moderately wounded.
Unknown command.
You reach to attack!
You hit the gnoll but do no damage.
The gnoll is moderately wounded.
The gnoll completely misses you.
Unknown command.
You reach to attack!
You hit the gnoll but do no damage.
The gnoll hits you from afar with a +0 spear.
Unknown command.
You reach to attack!
You barely miss the gnoll.
Unknown command.
You reach to attack!
You hit the gnoll.
The gnoll is moderately wounded.
The gnoll hits you from afar with a +0 spear.
You puncture the gnoll!
The gnoll is heavily wounded.
You hit the gnoll but do no damage.
The gnoll is heavily wounded.
The gnoll hits you from afar with a +0 spear!
The gnoll hits you with a +0 club.
* * * LOW HITPOINT WARNING * * *
You hit the gnoll.
The gnoll is heavily wounded.
The gnoll hits you but does no damage. x2; The gnoll hits you with a +0 club!
You die...

##..###...######
..........#
###..#
.#..#####.###
......
.#..#####..)####
#.....$
.#.<#..........#
.......
.#..#.######.#.#
....... ....#.#
#.#.# .†.....
....#.#
#...##.g.....
...##.#
###..@gg.....
....#.#
#>.########
..###.# #### ..#
#†# ..# #.# ..#
#.# ..# #.# ..#
#.# ..# #.#


You could see 3 gnolls.

Vanquished Creatures
  3 dart slugs (D:1)
  An endoplasm (D:1)
  2 hobgoblins (D:1)
  7 jackals
  2 kobolds
  2 quokkas (D:1)
  3 ball pythons (D:1)
  5 bats
  3 frilled lizards (D:1)
  7 rats
35 creatures vanquished.

Notes
Turn   | Place    | Note
-------+----------+-------------------------------------------
     0 | D:1      | innerfire43 the Demonspawn Monk began the quest for the
                  | Orb.
     0 | D:1      | Reached XP level 1. HP: 18/18 MP: 1/1
   197 | D:1      | Gained mutation: You regenerate magic rapidly. [demonic
                  | ancestry]
   197 | D:1      | Reached XP level 2. HP: 24/24 MP: 2/2
   436 | D:1      | Gained mutation: You are partially covered in razor-sharp
                  | scales. (AC +1, Slay +1) [demonic ancestry]
   436 | D:1      | Reached XP level 3. HP: 29/29 MP: 3/3
   869 | D:2      | Identified the +1 spear of Gaiff {speed, rF+ MP+9}
   922 | D:2      | Slain by a gnoll

Illustrated notes

Levels and vault maps discovered:
D:1:      lightli_arrival_lavapool, layout_loops_ring, minmay_hedge_maze
D:2:      layout_basic

Skill      XL: |  1  2 |
---------------+-------+-----
Axes           | 3 |  3.3
Dodging        | 3 |  3.1
Fighting       | |  3.4

Action                     || total
---------------------------++-------
  Melee: Hand axe          ||    93
         Spear             ||    12
    Use: Potion            ||     1
 Armour: Robe              ||    30
  Dodge: Dodged            ||    98

Table legend: (Time is in decaauts)
 A = Elapsed time spent in this place.
 B = Non-inter-level travel time spent in this place.
 C = Inter-level travel time spent in this place.
 D = Time resting spent in this place.
 E = Time spent auto-exploring this place.
 F = Levels seen in this place.
 G = Mean time per level.
                   A        B        C        D        E       F      G
               +--------+--------+--------+--------+--------+-----+--------+
         Total |    931 |    919 |     12 |      0 |    687 |   2 |  465.5 |
       Dungeon |    931 |    919 |     12 |      0 |    687 |   2 |  465.5 |
               +--------+--------+--------+--------+--------+-----+--------+

Top non-repeatable levels by time:
     D:1: 774 daAuts
     D:2: 157 daAuts
